 Dungeon Crawl Stone Soup version 0.21.0-3-g78d12a8 (webtiles) character file.

39 Larett the Magician (level 3, -1/20 HPs)
             Began as a Deep Elf Transmuter on Jan 16, 2018.
             Slain by a gnoll
             ... wielding a +0 spear
              (4 damage)
             ... on level 2 of the Dungeon.
             The game lasted 00:05:57 (2715 turns).

Larett the Magician (Deep Elf Transmuter)           Turns: 2715, Time: 00:05:57

Health: -1/20      AC:  3    Str:  7    XL:     3   Next: 28%
Magic:  9/10       EV: 13    Int: 17    God:
Gold:   66         SH:  0    Dex: 16    Spells: 6/9 levels left

rFire    . . .     SeeInvis .   a - +0 dagger
rCold    . . .     Gourm    .   (no shield)
rNeg     . . .     Faith    .   b - +0 robe
rPois    .         Spirit   .   (no helmet)
rElec    .         Reflect  .   g - +0 cloak
rCorr    .         Harm     .   (no gloves)
MR       .....                  (no boots)
Stlth    +.........             (no amulet)
HPRegen  0.06/turn              (no ring)
MPRegen  0.12/turn              (no ring)

@: appendage (expiring)
A: horns 2
a: End Transformation


You were on level 2 of the Dungeon.
You were not hungry.
You had grown temporary horns.
You visited 1 branch of the dungeon, and saw 2 of its levels.

You collected 66 gold pieces.

Inventory:

Hand Weapons
 a - a +0 dagger (weapon)
Missiles
 e - 63 stones (quivered)
 h - 35 poisoned needles
 m - 12 sling bullets
Armour
 b - a +0 robe (worn)
 g - a +0 cloak (worn)
Scrolls
 l - a scroll of teleportation {unknown}
 n - a scroll of immolation {unknown}
 o - a scroll of identify {unknown}
 p - a scroll of blinking {unknown}
Potions
 k - a potion of haste {unknown}
Books
 c - a book of Changes

   Spells                             Type                      Level
   a - Beastly Appendage              Transmutation                1
   b - Sticks to Snakes               Transmutation                2
   c - Spider Form                    Transmutation/Poison         3
   d - Ice Form                       Ice/Transmutation            4
   e - Blade Hands                    Transmutation                5
Comestibles
 d - 2 rations
 q - a chunk of flesh


   Skills:
 - Level 0.7 Fighting
 - Level 3.1 Dodging
 - Level 2.4 Unarmed Combat
 + Level 3.9 Spellcasting
 + Level 3.0 Transmutations


You had 6 spell levels left.
You knew the following spells:

 Your Spells              Type           Power        Failure   Level  Hunger
a - Beastly Appendage     Tmut           ##....       4%          1    None
b - Sticks to Snakes      Tmut           ##......     7%          2    ##.....


Dungeon Overview and Level Annotations

Branches:
Dungeon (2/15)

Altars:


Innate Abilities, Weirdness & Mutations

You have a pair of horns on your head.


Message History

The gnoll is lightly wounded.
Throwing (i - inventory):
e - 64 stones (quivered)
Press: ? - help, Shift-Dir - straight line, f/p - gnoll
Aim: a gnoll, wielding a spear (lightly wounded)
You throw a stone. The stone hits the gnoll.
The gnoll is moderately wounded.
Casting: Sticks to Snakes
Confirm with . or Enter, or press ? or * to list all spells.
You don't have anything to turn into a snake.
Casting: Sticks to Snakes
Confirm with . or Enter, or press ? or * to list all spells.
You grow a pair of large bovine horns.
Your transformation is almost over.
The gnoll hits you from afar with a spear.
* * * LOW HITPOINT WARNING * * *
The gnoll barely misses you.
You closely miss the gnoll.
The gnoll is lightly wounded.
The gnoll hits you with a spear.
You die...

.# ##. .# #.(
.# #(# ## .(.
# #(# # #(# #
#(# #
########)#
######
#.>..@g..#
.....#
#.########
####.#######.#
#.........#
###########


You could see a gnoll.

Vanquished Creatures
  A gnoll (D:2)
  A worm (D:2)
  A leopard gecko (D:1)
  2 giant cockroaches (D:1)
  3 goblins (D:1)
  3 hobgoblins
  3 jackals (D:2)
  5 bats
  A frilled lizard (D:1)
  2 kobolds
  2 rats (D:1)
24 creatures vanquished.

Vanquished Creatures (collateral kills)
  A leopard gecko (D:2)
  A hobgoblin (D:2)
  A goblin (D:1)
  A kobold (D:1)
  A rat (D:1)
5 creatures vanquished.

Grand Total: 29 creatures vanquished

Notes
Turn   | Place    | Note
-------+----------+-------------------------------------------
     0 | D:1      | Larett the Deep Elf Transmuter began the quest for the Orb.
     0 | D:1      | Reached XP level 1. HP: 11/11 MP: 6/6
   542 | D:1      | HP: 1/11 [leopard gecko (3)]
   545 | D:1      | Reached XP level 2. HP: 1/16 MP: 6/8
   830 | D:1      | Learned a level 2 spell: Sticks to Snakes
  1746 | D:2      | Reached skill level 3 in Dodging
  2047 | D:2      | Reached XP level 3. HP: 16/20 MP: 6/10
  2055 | D:2      | HP: 3/20 [leopard gecko (1)]
  2062 | D:2      | HP: 2/20 [leopard gecko (2)]
  2370 | D:2      | Found a faded altar of an unknown god.
  2701 | D:2      | Reached skill level 3 in Transmutations
  2713 | D:2      | HP: 3/20 [gnoll/spear (3)]
  2715 | D:2      | Slain by a gnoll

Skill      XL: |  1  2  3 |
---------------+----------+-----
Dodging        | 3 |  3.1
Transmutations | 3 |  3.0
Fighting       | |  0.7
Unarmed Combat | |  2.4
Spellcasting   | |  3.9

Action                   || total
-------------------------++-------
Melee: Unarmed           ||    27
       Dagger            ||   122
       Kick              ||     7
       Headbutt          ||     2
       Punch             ||     2
Throw: Stone             ||    20
 Cast: Beastly Appendage ||     7
       Sticks to Snakes  ||    12
  Eat: Chunk             ||     6
Armor: Robe              ||    33
Dodge: Dodged            ||    93
